 Dungeon Crawl Stone Soup version 0.20-a0-1126-g0f15420 (webtiles) character file.

40 mopl the Skirmisher (level 3, -2/27 HPs)
             Began as a Demonspawn Wanderer on May 17, 2017.
             Slain by an adder (3 damage)
             ... on level 1 of the Dungeon.
             The game lasted 00:01:56 (1522 turns).

mopl the Skirmisher (Demonspawn Wanderer)           Turns: 1522, Time: 00:01:57

Health: -2/27      AC:  2    Str: 16    XL:     3   Next: 30%
Magic:  6/6        EV: 11    Int: 11    God:
Gold:   75         SH:  0    Dex: 11    Spells: 6/6 levels left

rFire    . . .     SeeInvis .   c - +0 mace
rCold    . . .     Gourm    .   (no shield)
rNeg     . . .     Faith    .   d - +0 robe
rPois    .         Spirit   .   (no helmet)
rElec    .         Reflect  .   (no cloak)
rCorr    .         Harm     .   (no gloves)
MR       .....                  (no boots)
Stlth    +.........             (no amulet)
Regen    0.1/turn               (no ring)
MPRegen  0.1/turn               (no ring)

@: lethally poisoned (-2 -> -9), heavily drained
A: hooves 1
a: no special abilities


You were on level 1 of the Dungeon.
You were very hungry.

You visited 1 branch of the dungeon, and saw 2 of its levels.

You collected 75 gold pieces.

Inventory:

Hand Weapons
 c - a +0 mace (weapon)
Armour
 d - a +0 robe (worn)
Scrolls
 e - a scroll of identify {unknown}
 j - 2 scrolls of enchant armour {unknown}
 l - a scroll of remove curse {unknown}
Potions
 h - a potion of brilliance {unknown}
 i - 2 potions of flight {unknown}
 m - a potion of lignification {unknown}
Books
 a - a book of Callings

   Spells                             Type                      Level
   a - Summon Small Mammal            Summoning                    1
   b - Call Imp                       Summoning                    2
   c - Call Canine Familiar           Summoning                    3
   d - Summon Guardian Golem          Hexes/Summoning              3
   e - Summon Lightning Spire         Summoning/Air                4
   f - Summon Ice Beast               Ice/Summoning                4
 b - Jaemouma's Incunabulum of Confrontation

   Spells                             Type                      Level
   a - Shock                          Conjuration/Air              1
   b - Static Discharge               Conjuration/Air              3
Comestibles
 f - a bread ration
 k - 3 fruits


   Skills:
 + Level 2.2(0.8) Fighting
 - Level 1.7(0.4) Maces & Flails
 - Level 1.0(0.0) Throwing
 + Level 2.0(0.7) Armour
   Level 1.0(0.0) Shields
 - Level 2.0(0.7) Spellcasting
   Level 1.0(0.0) Summonings
   Level 1.7(0.4) Transmutations


You had 6 spell levels left.
You didn't know any spells.

Dungeon Overview and Level Annotations

Branches:
Dungeon (2/15)

Altars:


Innate Abilities, Weirdness & Mutations

You have large cloven feet.


Message History

You are too injured to fight recklessly!
You sock the adder!
The adder is heavily wounded.
The adder bites you. The adder bites you but does no damage.
You barely miss the adder. Your kick misses the adder.
The adder is heavily wounded.
The adder closely misses you. The adder bites you.
* * * LOW HITPOINT WARNING * * *
You are lethally poisoned!
The adder poisons you!
You miss the adder. Your kick misses the adder.
The adder is heavily wounded.
* * * LOW HITPOINT WARNING * * *
You feel sick. The adder bites you.
* * * LOW HITPOINT WARNING * * *
You miss the adder. Your kick misses the adder.
The adder is heavily wounded.
* * * LOW HITPOINT WARNING * * *
You feel sick. The adder barely misses you. The adder bites you.
You die...

##.......#
#...†....#
#....##'##
##.......#####
.#######.....# ##
####.###.#
#####....###.#
...........#.#####
...............S@#
#####....#####.#.#
#....# #...#
#....# #####
#....# #....# ###
#....# ..# ######
..#


You could see an adder.

Vanquished Creatures
  3 dart slugs (D:1)
  A leopard gecko (D:1)
  A giant cockroach (D:1)
  2 goblins (D:1)
  7 hobgoblins (D:1)
  3 jackals (D:1)
  4 kobolds (D:1)
  5 bats (D:1)
  3 rats (D:1)
29 creatures vanquished.

Notes
Turn   | Place    | Note
-------+----------+-------------------------------------------
     0 | D:1      | mopl the Demonspawn Wanderer began the quest for the Orb.
     0 | D:1      | mopl set off with: a book of Callings, Jaemouma's Incunabulum of Confrontation, a +0 mace, a +0 robe, a bread ration
     0 | D:1      | Reached XP level 1. HP: 15/15 MP: 3/3
     0 | D:1      | Identified Jaemouma's Incunabulum of Confrontation
   238 | D:1      | Reached skill level 1 in Armour
   238 | D:1      | Gained mutation: You have large cloven feet. [demonic ancestry]
   238 | D:1      | Reached XP level 2. HP: 15/21 MP: 5/5
   944 | D:1      | Reached XP level 3. HP: 18/27 MP: 6/6
   983 | D:1      | Reached skill level 2 in Armour
   984 | D:1      | Reached skill level 2 in Fighting
   988 | D:1      | HP: 1/27 [dart slug/slug dart (6)]
  1522 | D:1      | HP: 1/27 [poisoned by an adder]
  1522 | D:1      | Slain by an adder

Vault maps used:
D:1:      matt_arrival_grand_opening

Skill      XL: |  1  2  3 |
---------------+----------+-----
Armour         | 1 2 |  2.0
Fighting       | 2 |  2.2
Maces & Flails | |  1.7
Throwing       | |  1.0
Shields        | |  1.0
Spellcasting   | |  2.0
Summonings     | |  1.0
Transmutations | |  1.7

Action                   || total
-------------------------++-------
Melee: Mace              ||   101
       Kick              ||    17
  Eat: Chunk             ||     1
Armor: Robe              ||    27
Dodge: Dodged            ||    73
